 Dungeon Crawl Stone Soup version 0.24.0-1-gfbc8707 (webtiles) character file.

Game seed: 11728998340110165576, levelgen mode: deterministic

90 Buxparty the Poker (level 4, -1/34 HPs)
             Began as a Mummy Gladiator on Jan 11, 2020.
             Slain by an adder (3 damage)
             ... on level 2 of the Dungeon.
             The game lasted 00:03:21 (1774 turns).

Buxparty the Poker (Mummy Gladiator)                Turns: 1774, Time: 00:03:21

Health: -1/34      AC:  5    Str: 18    XL:     4   Next: 32%
Magic:  4/4        EV: 13    Int:  7    God:
Gold:   45         SH:  0    Dex: 13    Spells: 3/3 levels left

rFire    x . .     SeeInvis .   a - +0 trident
rCold    + . .     Gourm    .   (no shield)
rNeg     + + +     Faith    .   b - +0 leather armour
rPois    ∞         Spirit   .   c - +0 helmet
rElec    .         Reflect  .   g - +0 cloak
rCorr    .         Harm     .   (no gloves)
MR       .....                  (no boots)
Stlth    +.........             (no amulet)
HPRegen  0.11/turn              (no ring)
MPRegen  0.09/turn              (no ring)

@: no status effects
A: no food or potions, fire vulnerability, cold resistance 1, negative energy
resistance 3, torment resistance, unbreathing
a: no special abilities


You were on level 2 of the Dungeon.
You were not hungry.

You visited 1 branch of the dungeon, and saw 2 of its levels.

You collected 45 gold pieces.

Inventory:

Hand Weapons
 a - a +0 trident (weapon)
Missiles
 d - 3 throwing nets (quivered)
Armour
 b - a +0 leather armour (worn)
 c - a +0 helmet (worn)
 g - a +0 cloak (worn)
Scrolls
 e - 2 scrolls of identify {unknown}
 f - a scroll of remove curse {unknown}
 h - a scroll of teleportation {unknown}
 i - a scroll of enchant weapon {unknown}


   Skills:
 + Level 2.8 Fighting
 * Level 3.5 Polearms
 - Level 1.5 Throwing
 + Level 2.9 Dodging


You had 3 spell levels left.
You didn't know any spells.
Your spell library was empty.

Dungeon Overview and Level Annotations

Branches:
Dungeon (2/15)

Altars:


Innate Abilities, Weirdness & Mutations

You do not eat or drink.
Your flesh is vulnerable to fire.
You are immune to poison.
Your flesh is cold resistant. (rC+)
You are immune to negative energy. (rN+++)
You are immune to unholy pain and torment.
You can survive without breathing.


Message History

The adder bites you.
* * * LOW HITPOINT WARNING * * *
The adder bites you.
* * * LOW HITPOINT WARNING * * *
The adder completely misses you. The adder closely misses you.
The adder barely misses you. The adder bites you.
* * * LOW HITPOINT WARNING * * *
The adder barely misses you. The adder closely misses you.
You barely miss the adder. The adder barely misses you.
You closely miss the adder. The adder barely misses you. The adder bites you.
* * * LOW HITPOINT WARNING * * *
You barely miss the adder. The adder closely misses you.
You hit the adder but do no damage. The adder bites you.
* * * LOW HITPOINT WARNING * * *
You miss the adder. The adder bites you but does no damage.
The adder bites you.
You die...

##......#........# #..#
##......#........# ##.#
##........%.....# #.#
#####.########## #.#
#.# ##########.#
#.####.......##.#
##.........##.##.#
#...##..#..##.##.#
#####.....#..#..@SS...#
....#........#.###.####
###.#.....##.......#
#.##.!.#####.#####
#.####.. ..# #.# ###
### ###.# ....# ###.#


You could see an adder and a ball python.

Vanquished Creatures
  5 adders (D:2)
  An ooze (D:1)
  2 worms (D:2)
  A leopard gecko (D:1)
  A giant cockroach (D:1)
  4 hobgoblins
  3 quokkas (D:2)
  3 bats (D:1)
  6 goblins
  6 kobolds
  6 rats
38 creatures vanquished.

Notes
Turn   | Place    | Note
-------+----------+-------------------------------------------
     0 | D:1      | Buxparty the Mummy Gladiator began the quest for the Orb.
     0 | D:1      | Reached XP level 1. HP: 16/16 MP: 1/1
   133 | D:1      | Reached XP level 2. HP: 21/22 MP: 2/2
   464 | D:1      | Reached skill level 3 in Polearms
   667 | D:1      | Reached XP level 3. HP: 28/28 MP: 3/3
  1437 | D:2      | Reached XP level 4. HP: 22/34 MP: 4/4
  1774 | D:2      | Slain by an adder

Levels and vault maps discovered:
D:1:      dpeg_arrival_chase, layout_loops_ring
D:2:      layout_loops_cross, tgw_xom, first_ration

Skill      XL: |  1  2 |
---------------+-------+-----
Polearms       | 3 |  3.5
Fighting       | |  2.8
Throwing       | |  1.5
Dodging        | |  2.9

Action                   |  1- 3 |  4- 6 || total
-------------------------+-------+-------++-------
Melee: Trident           |   149 |    38 ||   187
 Stab: Sleeping          |     2 |       ||     2
Armor: Leather armour    |    32 |    20 ||    52
Dodge: Dodged            |    96 |    43 ||   139
